 Dungeon Crawl Stone Soup version 0.28-a0-779-g3d1f99b579 (webtiles) character file.

Game seed: 15597422686064843151

389 ragingrage the Cudgeller (level 6, -2/47 HPs)
             Began as a Demonspawn Chaos Knight on Nov 2, 2021.
             Was a Plaything of Xom.
             Killed by divine providence
             ... invoked by an orc priest
              (14 damage)
             ... on level 5 of the Dungeon.
             The game lasted 00:05:18 (4107 turns).

ragingrage the Cudgeller (Demonspawn Chaos Knight)  Turns: 4107, Time: 00:05:18

Health: -2/47      AC:  9    Str: 15 (16) XL:     6   Next: 49%
Magic:  6/6        EV: 11    Int: 11      God:    Xom [......]
Gold:   208        SH:  0    Dex: 12 (13) Spells: 5/5 levels left

rFire   . . .      SeeInvis +   f - +2 whip (elec)
rCold   . . .      Faith    .   (no shield)
rNeg    . . .      Spirit   .   a - +2 leather armour
rPois   .          Reflect  .   w - +0 helmet
rElec   .          Harm     .   (no cloak)
rCorr   .          Rampage  .   (no gloves)
Will    .....                   h - +0 pair of boots
Stlth   +.........              e - amulet of the acrobat
HPRegen 0.15/turn               d - ring of see invisible
MPRegen 0.10/turn               (no ring)

@: no status effects
A: hooves 1, icy blue scales 1, powered by death 2, deterioration 1, dopey 1,
strong 1
a: Renounce Religion


You were on level 5 of the Dungeon.
You worshipped Xom.
You were a very special plaything of Xom.
You visited 1 branch of the dungeon, and saw 5 of its levels.
You also visited: Sewer.

You collected 208 gold pieces.

Inventory:

Hand Weapons
 f - a +2 whip of electrocution (weapon)
Missiles
 m - 2 javelins (quivered)
 s - 2 poisoned darts
Armour
 a - a +2 leather armour (worn)
 h - a +0 pair of boots (worn)
 w - a +0 helmet (worn)
Jewellery
 d - a ring of see invisible (left hand)
 e - an amulet of the acrobat (around neck)
Wands
 o - a wand of paralysis (6)
 r - a wand of flame (17)
Scrolls
 c - 2 scrolls of fear {unknown}
 i - a scroll of identify {unknown}
 j - 2 scrolls of teleportation {unknown}
 l - 2 scrolls of enchant weapon {unknown}
 n - a scroll of brand weapon {unknown}
 p - a scroll of enchant armour {unknown}
 q - a scroll of vulnerability {unknown}
 t - 3 scrolls of blinking {unknown}
 u - a scroll of amnesia {unknown}
 x - 2 scrolls of fog {unknown}
 y - a scroll of magic mapping {unknown}
 A - a scroll of acquirement {unknown}
Potions
 b - a potion of degeneration {unknown}
 g - a potion of curing {unknown}
 k - a potion of mutation {unknown}
 v - a potion of resistance {unknown}
 z - 4 potions of flight


   Skills:
 - Level 3.0 Fighting
 + Level 5.9 Maces & Flails
 - Level 1.7 Armour
 - Level 0.8 Dodging
 - Level 2.9 Unarmed Combat


You had 5 spell levels left.
You didn't know any spells.
Your spell library was empty.

Dungeon Overview and Level Annotations

Branches:
Dungeon (5/15)              Sewer (visited)
 Temple: D:4-7

Altars:
Elyvilon
Hepliaklqana
Makhleb
Qazlal
Wu Jian
Xom


Innate Abilities, Weirdness & Mutations

You have large cloven feet.
You are partially covered in icy blue scales. (AC +2)
You regenerate health from kills.
Your body sometimes deteriorates upon taking damage.
You are dopey. (Int -2)
Your muscles are strong. (Str +2)


Message History

An orc priest is nearby!
An orc priest is nearby!
An orc priest is nearby!
An orc comes into view. It is wielding a +0 dagger.
The orc priest invokes the aid of Beogh against you.
Pain shoots through your body! The orc priest completely misses you.
The orc shouts!
You hit the orc priest but do no damage.
You hit the orc priest but do no damage.
The orc priest closely misses you.
You hit the orc priest but do no damage.
Lightning courses through the orc priest!
The orc priest is almost dead.
An orc comes into view. It is wielding a +0 short sword.
The orc priest hits you with a +2 mace of protection!
You hit the orc priest but do no damage.
The orc priest is almost dead.
The orc priest mumbles some strange prayers to Beogh against you.
Beogh smites you!
You barely miss the orc priest.
The orc priest is almost dead.
The orc priest barely misses you.
You closely miss the orc priest.
The orc priest is almost dead.
An adder comes into view.
You barely miss the orc priest.
The orc priest is almost dead.
The adder hisses angrily.
The orc priest hits you with a +2 mace of protection!
* * * LOW HITPOINT WARNING * * *
The orc hits you but does no damage.
You closely miss the orc priest.
The orc priest is almost dead.
The orc priest misses you. The orc completely misses you.
You hit the orc priest but do no damage.
The orc priest is almost dead.
The orc priest mumbles some strange prayers to Beogh against you.
Beogh smites you!
You die...

...
...########+###########
#...............[....#
#..................(.#
#....................#
+....................#
#....................#
###....##########'#...
#..@.+ #......#...
#..oo# #......#...
#....# #......#...
#..o.# #####..#...
####S. ####### +...
...... #... ...... ....
...... ......


You could see an orc priest, an adder and 2 orcs.

Vanquished Creatures
  A scorpion (D:4)
  A bullfrog zombie (D:5)
  2 jellies (D:4)
  A hound (D:4)
  A centaur skeleton (D:5)
  An iguana (D:5)
  4 adders
  2 ufetubi (D:4)
  2 adder skeletons (D:4)
  8 worms
  2 orcs (D:4)
  13 endoplasms
  2 giant cockroaches
  6 hobgoblins
  4 jackals (Sewer)
  3 quokkas
  4 ball pythons
  13 bats
  5 frilled lizards
  5 goblins
  5 kobolds
  2 rats (D:2)
87 creatures vanquished.

Vanquished Creatures (others)
  2 fungi (D:2)
  A plant (D:2)
3 creatures vanquished.

Grand Total: 90 creatures vanquished

Notes
Turn   | Place    | Note
-------+----------+-------------------------------------------
     0 | D:1      | ragingrage the Demonspawn Chaos Knight began the quest for
                  | the Orb.
     0 | D:1      | Reached XP level 1. HP: 18/18 MP: 1/1
   159 | D:1      | You fall into a shaft and drop 1 floor!
   454 | D:2      | Reached skill level 1 in Maces & Flails
   489 | D:2      | Found a faded altar of an unknown god.
   505 | D:2      | Gained mutation: You regenerate a little health from kills.
                  | [demonic ancestry]
   505 | D:2      | Reached XP level 2. HP: 23/24 MP: 2/2
   824 | D:1      | XOM: silly message
   831 | D:1      | XOM: silly message
   907 | D:1      | XOM: 1-stop teleportation journey
   973 | D:1      | XOM: 9-stop teleportation journey
  1108 | D:1      | Reached skill level 2 in Maces & Flails
  1226 | D:2      | Gained mutation: You regenerate health from kills. [demonic
                  | ancestry]
  1226 | D:2      | Reached XP level 3. HP: 9/29 MP: 3/3
  1260 | D:2      | XOM: 8-stop teleportation journey
  1318 | D:2      | Found a hazy altar of Hepliaklqana.
  1573 | D:2      | XOM: scenery: create altars
  1639 | D:2      | XOM: god gift: short sword {god gift}
  1887 | D:3      | Reached skill level 3 in Maces & Flails
  1955 | D:3      | XOM: give mutation
  1955 | D:3      | Gained mutation: You are dopey. (Int -2) [Xom's mischief]
  1959 | D:3      | Found a burning altar of Makhleb.
  1959 | D:3      | Found a stormy altar of Qazlal.
  1959 | D:3      | XOM: 6-stop teleportation journey
  2139 | D:3      | XOM: butterfly on damage
  2146 | D:3      | Gained mutation: You have large cloven feet. [demonic
                  | ancestry]
  2146 | D:3      | Reached XP level 4. HP: 27/35 MP: 4/4
  2273 | D:3      | Found an ornate altar of the Wu Jian Council.
  2342 | D:3      | XOM: stat loss: -1 Str (12/13)
  2537 | D:4      | Reached skill level 4 in Maces & Flails
  2545 | D:4      | Found a glowing drain.
  2580 | Sewer    | Entered a sewer
  2584 | Sewer    | XOM: enchant monster (good)
  2595 | Sewer    | Reached XP level 5. HP: 9/41 MP: 5/5
  3152 | Sewer    | XOM: 1-stop teleportation journey
  3212 | D:4      | XOM is BORED!
  3274 | D:4      | XOM: 3-stop teleportation journey
  3397 | D:4      | XOM: swap monsters
  3400 | D:4      | XOM: swap monsters
  3404 | D:4      | XOM: polymorph iguana -> bat
  3412 | D:4      | Reached skill level 5 in Maces & Flails
  3569 | D:4      | XOM: give mutations
  3569 | D:4      | Gained mutation: Your body sometimes deteriorates upon
                  | taking damage. [Xom's mischief]
  3569 | D:4      | Gained mutation: Your muscles are strong. (Str +2) [Xom's
                  | mischief]
  3613 | D:4      | Gained mutation: You are partially covered in icy blue
                  | scales. (AC +2) [demonic ancestry]
  3613 | D:4      | Reached XP level 6. HP: 43/47 MP: 6/6
  3633 | D:4      | XOM: 2-stop teleportation journey
  3895 | D:5      | Entered Level 5 of the Dungeon
  4107 | D:5      | Killed from afar by an orc priest

Illustrated notes

Levels and vault maps discovered:
D:1:      onia_arrival_pentagram, layout_basic
D:2:      layout_loops_corners, shapermc_ecumenical_altar_ellora, basic_altar,
          minmay_fractal_squares_gapless_5
D:3:      layout_rooms, jmf_multi_god_temple, amethyst_overflow_temple_binary
D:4:      kennysheep_big_flooded_room, layout_loops_ring,
          cheibrodos_sewer_entry_sluice
D:5:      layout_gridville, kennysheep_boxes

Skill      XL: |  1  2  3  4  5 |
---------------+----------------+-----
Maces & Flails | 1 2 3 4 5 |  5.9
Fighting       | |  3.0
Armour         | |  1.7
Dodging        | |  0.8
Unarmed Combat | |  2.9

Action                   |  1- 3 |  4- 6 || total
-------------------------+-------+-------++-------
Melee: Whip              |   119 |   189 ||   308
       Unarmed           |    13 |       ||    13
       Punch             |     1 |     4 ||     5
  Use: Potion            |       |     1 ||     1
 Stab: Petrified         |       |     2 ||     2
       Confused          |       |     1 ||     1
       Sleeping          |       |     1 ||     1
Armor: Leather armour    |    39 |    75 ||   114
Dodge: Dodged            |   114 |   184 ||   298

Table legend: (Time is in decaauts)
 A = Elapsed time spent in this place.
 B = Non-inter-level travel time spent in this place.
 C = Inter-level travel time spent in this place.
 D = Time resting spent in this place.
 E = Time spent auto-exploring this place.
 F = Levels seen in this place.
 G = Mean time per level.
                   A        B        C        D        E       F      G
               +--------+--------+--------+--------+--------+-----+--------+
         Total |   4183 |   3996 |    187 |    372 |   2752 |   6 |  697.2 |
       Dungeon |   3471 |   3284 |    187 |    193 |   2453 |   5 |  694.2 |
         Sewer |    711 |    711 |      0 |    179 |    298 |   1 |  711.0 |
               +--------+--------+--------+--------+--------+-----+--------+

Top non-repeatable levels by time:
     D:2: 1288 daAuts
     D:4: 901 daAuts
   Sewer: 711 daAuts
     D:1: 539 daAuts
     D:3: 536 daAuts
     D:5: 207 daAuts
